 Dungeon Crawl Stone Soup version 0.29.1-15-g9cfb28693d (webtiles) character file.

Game seed: 59270026720973350

270 leafyfresh the Covert (level 6, 0/44 HPs)
             Began as an Octopode Delver on Mar 3, 2023.
             Succumbed to Dowan's poison
             ... on level 5 of the Dungeon.
             The game lasted 00:01:26 (633 turns).

leafyfresh the Covert (Octopode Delver)              Turns: 633, Time: 00:01:26

Health: 0/44       AC:  1    Str: 12    XL:     6   Next: 22%
Magic:  6/6        EV: 14    Int: 14    God:
Gold:   31         SH:  0    Dex: 13    Spells: 5/5 levels left

rFire   . . .      SeeInvis .   a - +0 short sword
rCold   . . .      Faith    .   (no shield)
rNeg    . . .      Spirit   .   (helmet restricted)
rPois   .          Reflect  .   (no amulet)
rElec   .          Harm     .   (no ring)
rCorr   .          Rampage  .   (no ring)
Will    .....                   (no ring)
Stlth   ++........              (no ring)
HPRegen 0.14/turn               (no ring)
MPRegen 0.10/turn               (no ring)
                                (no ring)
                                (no ring)

@: lethally poisoned (0 -> -21), lit by a corona, glowing
A: almost no armour, amphibious, 8 rings, camouflage 1, gelatinous body 1,
(nimble swimmer 1), tentacles
a: no special abilities


You were on level 5 of the Dungeon.
You visited 1 branch of the dungeon, and saw 1 of its levels.

You collected 31 gold pieces.

Inventory:

Hand Weapons
 a - a +0 short sword (weapon)
Wands
 f - a wand of digging (3)
Scrolls
 b - a scroll of fog
 c - a scroll of magic mapping
Potions
 e - a potion of haste


   Skills:
 + Level 4.5 Fighting
 - Level 2.0 Short Blades
 + Level 4.0 Dodging
 + Level 8.3 Stealth


You had 5 spell levels left.
You didn't know any spells.
Your spell library was empty.

Dungeon Overview and Level Annotations

Branches:
Dungeon (5/15)
 Temple: D:4-7

Altars:
Qazlal
Sif Muna
Wu Jian

Annotations:
D:5 Dowan, Duvessa


Innate Abilities, Weirdness & Mutations

You cannot wear most types of armour.
You are amphibious.
You can wear up to eight rings at the same time.
Your skin changes colour to match your surroundings (Stealth+).
Your rubbery body absorbs attacks. (AC +1, EV +1)
((You are camouflaged when in or above water. (Stealth+)))
You have tentacles for arms and can constrict up to eight enemies at once.


Message History

The puff of frost hits you! Duvessa hits you but does no damage.
Unknown command.
You hit Duvessa but do no damage.
Duvessa is lightly wounded.
You feel sick. Duvessa hits you but does no damage.
Dowan hits you but does no damage.
Unknown command.
You hit Duvessa. Your punch misses Duvessa.
Duvessa is moderately wounded.
You feel sick. Duvessa hits you but does no damage.
Dowan hits you but does no damage. Duvessa hits you with a +0 short sword!
* * * LOW HITPOINT WARNING * * *
Unknown command.
You hit Duvessa.
Duvessa is moderately wounded.
You feel sick.
You are no longer poisoned.
Duvessa hits you but does no damage. Dowan hits you but does no damage.
You are poisoned.
Unknown command.
You hit Duvessa but do no damage.
Duvessa is moderately wounded.
You feel very sick. Duvessa barely misses you.
Dowan hits you but does no damage.
You are lethally poisoned!
Duvessa hits you with a +0 short sword.
* * * LOW HITPOINT WARNING * * *
You hit Duvessa.
Duvessa is moderately wounded.
* * * LOW HITPOINT WARNING * * *
You feel very sick. Duvessa hits you but does no damage.
Dowan smirks and points a slender finger.
Dowan hits you but does no damage.
You are more poisoned.
Unknown command.
As you read the scroll of fear, it crumbles to dust.
You assume a fearsome visage.
Duvessa looks frightened!
Dowan looks frightened!
You feel less wooden.
You die...

##.....####>......###
##.......##.....[....#
#.........#..........#
+.........+...÷......#
#.........##....÷...##
#.......####.....#.#
##.....## ##...#..#
##e.e# #####.## ##@##
#.# #.# #.#
#.########## #.#
##.......†..# #.#
##...#######.# #.#
.###............# #.#
....#...#######.# #.#
###.........###.###.#
....##..###.........#


You could see Duvessa (fast, fleeing) and Dowan (fleeing).

Vanquished Creatures
  A black bear (D:5)
  A scorpion (D:5)
  A necrophage (D:5)
  2 hounds (D:5)
5 creatures vanquished.

Notes
Turn   | Place    | Note
-------+----------+-------------------------------------------
     0 | D:5      | leafyfresh the Octopode Delver began the quest for the Orb.
     0 | D:5      | Reached XP level 1. HP: 16/16 MP: 1/1
    55 | D:5      | Found a faded altar of an unknown god.
    55 | D:5      | Found a shimmering blue altar of Sif Muna.
    63 | D:5      | Found a stormy altar of Qazlal.
    65 | D:5      | Found a faded altar of an unknown god.
    67 | D:5      | Found an ornate altar of the Wu Jian Council.
   114 | D:5      | Noticed a necrophage
   114 | D:5      | Noticed a hound
   137 | D:5      | Noticed a scorpion
   138 | D:5      | Noticed a black bear
   141 | D:5      | Killed a scorpion
   142 | D:5      | Reached skill level 7 in Stealth
   142 | D:5      | Reached XP level 2. HP: 22/22 MP: 2/2
   142 | D:5      | Reached XP level 3. HP: 27/27 MP: 3/3
   142 | D:5      | Reached XP level 4. HP: 33/33 MP: 4/4
   147 | D:5      | Killed a black bear
   148 | D:5      | Reached XP level 5. HP: 13/37 MP: 5/5
   156 | D:5      | Reached skill level 8 in Stealth
   443 | D:5      | Noticed Dowan
   446 | D:5      | Noticed Duvessa
   589 | D:5      | Reached XP level 6. HP: 44/44 MP: 6/6
   633 | D:5      | Succumbed to Dowan's poison

Illustrated notes

Levels and vault maps discovered:
D:5:      layout_loops_corners, chequers_temple_overflow_minitemple,
          minmay_temple_entry_poolview, uniq_pikel, uniq_duvessa,
          uniq_blork_the_orc, uniq_crazy_yiuf_cottage

Skill      XL: |  1  2  3  4  5  6 |
---------------+-------------------+-----
Stealth        | 7 8 |  8.3
Fighting       | 4 |  4.5
Dodging        | 3 4 |  4.0
Short Blades   | |  2.0

Action                   |  1- 3 |  4- 6 || total
-------------------------+-------+-------++-------
Melee: Short sword       |     1 |    34 ||    35
       Constrict         |     1 |     3 ||     4
       Tentacles         |       |     6 ||     6
  Use: Scroll            |       |     1 ||     1
 Stab: Sleeping          |     1 |     3 ||     4
Armor: Skin              |       |    27 ||    27
Dodge: Dodged            |       |    22 ||    22
